Inferno vs Senators

Created - March 2, 2021 at 20:58

Goals
1 2 3 T
Inferno 0 4 2 6
Senators 1 1 1 3
Shots
1 2 3 T
Inferno 15 12 10 37
Senators 6 17 9 32

1st period

1. Senators , Nick Foligno 29 (Jordan Schroeder 22) at 14:51

Penalties :
Greg Pateryn (Anc) for Charging (Minor) at 11:15, Jake DeBrusk (Anc) for Roughing (Minor) at 17:15

2nd period

2. Inferno , Tanner Pearson 43 (Vladimir Sobotka 30, Bryan Rust 29) at 0:46
3. Inferno , Jake DeBrusk 11 (Esa Lindell 46, Victor Rask 25) at 4:08
4. Inferno , Peter Cehlarik 11 (Barclay Goodrow 10, Ryan Spooner 8) at 4:57
5. Inferno , Bryan Rust 18 (Vladimir Sobotka 31, Esa Lindell 47) at 10:03
6. Senators , Jordan Schroeder 20 (Jonathan Ferland 45) at 18:15 (PP)

Penalties :
Matthew Nieto (Anc) for Holding (Minor) at 5:15, Victor Rask (Anc) for Unsportsmanlike conduct (Minor) at 18:04, Esa Lindell (Anc) for Hooking (Minor) at 18:37

3rd period

7. Inferno , Vladimir Sobotka 13 (David Savard 30, Esa Lindell 48) at 5:31
8. Senators , Jack Dougherty 4 (Jonathan Ferland 46, Justin Peters) at 15:16
9. Inferno , Esa Lindell 16 (Tanner Pearson 40, Michael Hutchinson) at 16:48 (PP)

Penalties :
Jack Dougherty (BIN) for Interference (Minor) at 0:46, Philip Varone (Anc) for Slashing (Minor) at 7:23, Brett Bulmer (BIN) for Hooking (Minor) at 16:30, Matthew Nieto (Anc) for Holding (Minor) at 18:26

Goalie Stats

Michael Hutchinson (Anc), 29 saves from 32 shots - (0.906), W, 22-8-7, 60:00 minutes
Justin Peters (BIN), 31 saves from 37 shots - (0.838), L, 21-23-3, 60:00 minutes

Players Stats for Inferno

Player Name              G  A  P  +/- PIM S  H  SB GA TA FO     MP     PP MP  PK MP  
------------------------------------------------------------------------------------
Barclay Goodrow          0  1  1   1  0   0  1  0  0  0  0/0     9:07   0:00   0:00 
Bryan Rust               1  1  2   1  0   5  2  0  0  1  1/2    20:03   1:22   3:25 
Colby Cohen              0  0  0  -1  0   0  2  0  0  0  0/0    17:50   0:00   5:35 
David Savard             0  1  1   3  0   1  3  2  1  1  0/0    27:01   1:19   7:23 
Esa Lindell              1  3  4   3  2   4  0  0  0  1  0/0    25:16   1:19   5:39 
Evgeny Svechnikov        0  0  0   1  0   1  0  0  0  1  0/0    11:10   0:48   0:00 
Frank Corrado            0  0  0  -1  0   0  0  0  0  0  0/0    11:54   0:00   0:25 
Greg Pateryn             0  0  0   1  2   0  1  3  1  0  0/0    16:45   0:58   0:00 
Jake DeBrusk             1  0  1   1  2   6  0  0  0  0  0/0    11:06   0:12   2:17 
Kevin Labanc             0  0  0   0  0   0  0  0  0  0  0/0     1:47   0:00   0:00 
Mathieu Brodeur          0  0  0   1  0   0  2  2  0  1  0/0    21:30   0:58   4:16 
Matthew Nieto            0  0  0   0  4   2  1  2  1  0  0/0    15:34   0:54   0:09 
Peter Cehlarik           1  0  1   1  0   3  0  1  1  0  0/0     9:07   0:00   0:00 
Philip Varone            0  0  0   0  2   1  1  0  1  1  7/14   17:36   0:50   4:02 
Ryan Spooner             0  1  1   1  0   3  0  0  0  0  0/1     9:07   0:00   0:00 
Tanner Pearson           1  1  2   1  0   3  0  0  0  1  6/12   23:26   1:23   6:35 
Victor Rask              0  1  1   1  2   3  4  0  0  0  4/8    16:28   0:00   0:21 
Vladimir Sobotka         1  2  3   1  0   5  1  1  0  0  16/30  23:27   1:22   6:29 

Players Stats for Senators

Player Name              G  A  P  +/- PIM S  H  SB GA TA FO     MP     PP MP  PK MP  
------------------------------------------------------------------------------------
A.J. Jenks               0  0  0   1  0   4  1  0  1  0  0/0     7:10   0:00   0:00 
Adam Ollas-Mattsson      0  0  0   0  0   0  1  0  0  0  0/0    10:24   0:00   0:38 
Anthony Richard          0  0  0   1  0   4  2  0  0  0  3/3     7:10   0:00   0:00 
Brett Bulmer             0  0  0   1  2   1  0  0  0  0  0/0     7:09   0:00   0:00 
Chandler Stephenson      0  0  0  -1  0   0  1  0  0  0  2/4    10:12   0:00   0:00 
Dylan Blujus             0  0  0  -2  0   2  0  2  1  0  0/0    25:57   6:56   1:21 
Eric Mestery             0  0  0   0  0   0  0  0  0  0  0/0     0:00   0:00   0:00 
Grant Besse              0  0  0  -1  0   2  1  1  0  0  0/0    11:57   0:04   0:00 
Jack Dougherty           1  0  1  -1  2   1  0  2  0  1  0/0    20:20   4:43   0:18 
Jake Evans               0  0  0   0  0   1  1  0  0  0  0/0     1:58   0:10   0:00 
Joel Eriksson Ek         0  0  0   0  0   0  0  0  0  0  0/0     0:30   0:00   0:30 
Jonathan Ferland         0  2  2  -2  0   4  1  0  1  0  2/6    22:16   6:12   1:28 
Joonas Lyytinen          0  0  0   0  0   0  0  2  0  0  0/0     9:46   0:00   0:00 
Jordan Schroeder         1  1  2  -2  0   3  2  2  2  0  19/40  21:04   6:12   0:08 
Keegan Lowe              0  0  0  -2  0   2  0  1  0  1  0/0    29:23   6:56   1:21 
Kevin Rooney             0  0  0  -1  0   1  1  0  0  0  5/11   17:27   5:17   0:00 
Kyle Connor              0  0  0   0  0   0  0  0  0  0  0/0     2:03   0:15   0:00 
Mason Geertsen           0  0  0   0  0   1  1  0  0  0  0/0     3:26   0:00   0:00 
Nathan Gerbe             0  0  0   0  0   0  0  0  0  0  0/0     0:00   0:00   0:00 
Nick Foligno             1  0  1  -2  0   2  1  0  0  1  1/2    22:30   6:13   1:26 
Philippe Myers           0  0  0  -1  0   0  0  1  1  0  0/0    20:51   4:43   0:56 
Scott Harrington         0  0  0   0  0   0  0  0  0  0  0/0     0:00   0:00   0:00 
Tomas Jurco              0  0  0  -1  0   1  2  2  0  0  0/0    17:48   5:17   0:21 
Zachary Sanford          0  0  0  -1  0   1  1  0  0  0  1/1    10:12   0:00   0:00 
Zemgus Girgensons        0  0  0  -1  0   2  5  0  1  2  0/0    18:08   5:17   0:41 

3 Stars

1 - Esa Lindell (Anc)
2 - Vladimir Sobotka (Anc)
3 - Bryan Rust (Anc)

Power Play

Inferno - 1 on 2 Attempt(s) - 50.00%
Senators - 1 on 7 Attempt(s) - 14.29%

Penalty Kill

Inferno - 6 on 7 Attempt(s) - 85.71% - Score 0 goal in Penalty Kill
Senators - 1 on 2 Attempt(s) - 50.00% - Score 0 goal in Penalty Kill

Team Stat

Inferno - Hits : 18 - Faceoff Wins : 34 - Blocked Shots : 11 - Penalty Minutes : 14
Senators - Hits : 21 - Faceoff Wins : 33 - Blocked Shots : 13 - Penalty Minutes : 4

Official

Referees : Unknown
Linesman : Unknown

Game Notes

Kevin Labanc is injured at 6:43 of 1st period (Strained Right Knee)

Finance

Level 1 -- Attendance: 1850 (92.50%) -- Ticket Income $61,050
Level 2 -- Attendance: 912 (91.20%) -- Ticket Income $13,680
Total Attendance: 2762 (92.07%)
Total Ticket Income: $74,730
Other Income: $3,736
Total Income: $78,466

Inferno

5 vs 5 Forward 
   Center                   Left Wing                Right Wing               Time % Phy DF OF 
 1 Vladimir Sobotka         Tanner Pearson           Bryan Rust               40     1   2  2  
 2 Philip Varone            Matthew Nieto            Kevin Labanc             30     1   2  2  
 3 Victor Rask              Jake DeBrusk             Evgeny Svechnikov        20     1   2  2  
 4 Ryan Spooner             Peter Cehlarik           Barclay Goodrow          10     1   2  2  

5 vs 5 Defense 
   Defense                  Defense                                           Time % Phy DF OF 
 1 David Savard             Esa Lindell                                       40     1   2  2  
 2 Greg Pateryn             Mathieu Brodeur                                   30     1   2  2  
 3 Colby Cohen              Frank Corrado                                     20     1   2  2  
 4 Greg Pateryn             Mathieu Brodeur                                   10     1   2  2  

PowerPlay Forward 
   Center                   Left Wing                Right Wing               Time % Phy DF OF 
 1 Vladimir Sobotka         Tanner Pearson           Bryan Rust               60     1   2  2  
 2 Philip Varone            Matthew Nieto            Kevin Labanc             40     1   2  2  

PowerPlay Defense
   Defense                  Defense                                           Time % Phy DF OF 
 1 David Savard             Esa Lindell                                       60     1   2  2  
 2 Greg Pateryn             Mathieu Brodeur                                   40     1   2  2  

Penalty Kill 4 Players Forward 
   Center                   Wing                     Time % Phy DF OF 
 1 Tanner Pearson           Vladimir Sobotka         60     1   2  2  
 2 Bryan Rust               Philip Varone            40     1   2  2  

Penalty Kill 4 Players Defense
   Defense                  Defense                  Time % Phy DF OF 
 1 David Savard             Esa Lindell              60     1   2  2  
 2 Colby Cohen              Mathieu Brodeur          40     1   2  2  

Penalty Kill - 3 Players Forward 
   Forward                                           Time % Phy DF OF 
 1 Tanner Pearson                                    60     1   2  2  
 2 Vladimir Sobotka                                  40     1   2  2  

Penalty Kill - 3 Players Defense
   Defense                  Defense                  Time % Phy DF OF 
 1 David Savard             Esa Lindell              60     1   2  2  
 2 Colby Cohen              Mathieu Brodeur          40     1   2  2  

4 vs 4 Forward 
   Center                   Wing                     Time % Phy DF OF 
 1 Tanner Pearson           Vladimir Sobotka         60     1   2  2  
 2 Bryan Rust               Philip Varone            40     1   2  2  

4 vs 4 Defense
   Defense                  Defense                  Time % Phy DF OF 
 1 David Savard             Esa Lindell              60     1   2  2  
 2 Greg Pateryn             Mathieu Brodeur          40     1   2  2  

Last Minutes Offensive
   Center                   Left Wing                Right Wing               Defense                  Defense                  
   Vladimir Sobotka         Tanner Pearson           Bryan Rust               David Savard             Esa Lindell              

Last Minutes Defensive
   Center                   Left Wing                Right Wing               Defense                  Defense                  
   Vladimir Sobotka         Tanner Pearson           Bryan Rust               David Savard             Esa Lindell              

Goaltenders
Starting : Michael Hutchinson       
Backup : Nathan Lieuwen           

Extra Forwards
Normal : Victor Rask, Matthew Nieto, Evgeny Svechnikov - PP : Evgeny Svechnikov, Jake DeBrusk - PK : Kevin Labanc
Extra Defensemen
Normal : Greg Pateryn, Colby Cohen, Frank Corrado - PP : Greg Pateryn - PK : Colby Cohen, Frank Corrado
Penalty Shots
Tanner Pearson, Vladimir Sobotka, Evgeny Svechnikov, Philip Varone, Matthew Nieto

Scratches
Chris Brown (Healthy), Rasmus Andersson (Healthy), Tyler Shattock (Healthy), Christian Jaros (Healthy), Trevor Carrick (Healthy)
Petteri Lindbohm (Healthy), Alexander True (Healthy), Eric Karlsson (Healthy), John Gilmour (Healthy), Ryan Donato (Healthy)
Vladislav Kamenev (Healthy), Dominik Masin (Healthy), Brandon Hickey (Healthy), Antti Raanta (Healthy), Vitek Vanecek (Healthy)

Senators

5 vs 5 Forward 
   Center                   Left Wing                Right Wing               Time % Phy DF OF 
 1 Jordan Schroeder         Nick Foligno             Jonathan Ferland         40     1   2  2  
 2 Kevin Rooney             Zemgus Girgensons        Tomas Jurco              30     1   2  2  
 3 Chandler Stephenson      Zachary Sanford          Grant Besse              20     1   2  2  
 4 Anthony Richard          A.J. Jenks               Brett Bulmer             10     1   2  2  

5 vs 5 Defense 
   Defense                  Defense                                           Time % Phy DF OF 
 1 Keegan Lowe              Dylan Blujus                                      40     1   2  2  
 2 Jack Dougherty           Philippe Myers                                    30     1   2  2  
 3 Joonas Lyytinen          Adam Ollas-Mattsson                               20     1   2  2  
 4 Mason Geertsen           Keegan Lowe                                       10     1   2  2  

PowerPlay Forward 
   Center                   Left Wing                Right Wing               Time % Phy DF OF 
 1 Jordan Schroeder         Nick Foligno             Jonathan Ferland         60     1   2  2  
 2 Kevin Rooney             Zemgus Girgensons        Tomas Jurco              40     1   2  2  

PowerPlay Defense
   Defense                  Defense                                           Time % Phy DF OF 
 1 Keegan Lowe              Dylan Blujus                                      60     1   2  2  
 2 Jack Dougherty           Philippe Myers                                    40     1   2  2  

Penalty Kill 4 Players Forward 
   Center                   Wing                     Time % Phy DF OF 
 1 Jonathan Ferland         Nick Foligno             60     1   2  2  
 2 Tomas Jurco              Zemgus Girgensons        40     1   2  2  

Penalty Kill 4 Players Defense
   Defense                  Defense                  Time % Phy DF OF 
 1 Keegan Lowe              Dylan Blujus             60     1   2  2  
 2 Jack Dougherty           Philippe Myers           40     1   2  2  

Penalty Kill - 3 Players Forward 
   Forward                                           Time % Phy DF OF 
 1 Jonathan Ferland                                  60     1   2  2  
 2 Nick Foligno                                      40     1   2  2  

Penalty Kill - 3 Players Defense
   Defense                  Defense                  Time % Phy DF OF 
 1 Keegan Lowe              Dylan Blujus             60     1   2  2  
 2 Jack Dougherty           Philippe Myers           40     1   2  2  

4 vs 4 Forward 
   Center                   Wing                     Time % Phy DF OF 
 1 Jonathan Ferland         Nick Foligno             60     1   2  2  
 2 Tomas Jurco              Zemgus Girgensons        40     1   2  2  

4 vs 4 Defense
   Defense                  Defense                  Time % Phy DF OF 
 1 Keegan Lowe              Dylan Blujus             60     1   2  2  
 2 Jack Dougherty           Philippe Myers           40     1   2  2  

Last Minutes Offensive
   Center                   Left Wing                Right Wing               Defense                  Defense                  
   Jordan Schroeder         Nick Foligno             Jonathan Ferland         Keegan Lowe              Dylan Blujus             

Last Minutes Defensive
   Center                   Left Wing                Right Wing               Defense                  Defense                  
   Jordan Schroeder         Nick Foligno             Jonathan Ferland         Keegan Lowe              Dylan Blujus             

Goaltenders
Starting : Justin Peters            
Backup : Sami Aittokallio         

Extra Forwards
Normal : Kyle Connor, Jake Evans, Joel Eriksson Ek - PP : Kyle Connor, Jake Evans - PK : Joel Eriksson Ek
Extra Defensemen
Normal : Joonas Lyytinen, Adam Ollas-Mattsson, Mason Geertsen - PP : Joonas Lyytinen - PK : Adam Ollas-Mattsson, Mason Geertsen
Penalty Shots
Jonathan Ferland, Nick Foligno, Tomas Jurco, Zemgus Girgensons, Zachary Sanford

Scratches
Zach Nastasiuk (Healthy), Jonas Siegenthaler (Healthy), Blake Coleman (Healthy), Branden Troock (Healthy), Gustav Forsling (Healthy)
Warren Foegele (Healthy), Maxim Letunov (Healthy), Pontus Sjalin (Healthy), Keven Bouchard (Healthy)

% Time on Ice - Inferno

Lines # - Real PCT - Wanted PCT - Time Play
Normal Forward
1 - 38% - 40% - 17:17
2 - 28% - 30% - 12:52
3 - 15% - 20% - 6:48
4 - 20% - 10% - 9:07
Normal Defense
1 - 40% - 40% - 18:19
2 - 30% - 30% - 13:42
3 - 25% - 20% - 11:29
4 - 6% - 10% - 2:34
PP Forward
1 - 60% - 60% - 1:22
2 - 40% - 40% - 0:55
PP Defense
1 - 58% - 60% - 1:19
2 - 42% - 40% - 0:58
PK Forward
1 - 71% - 60% - 8:14
2 - 29% - 40% - 3:25
PK Defense
1 - 63% - 60% - 7:23
2 - 37% - 40% - 4:16
PK3 Forward
1 - 0% - 60%
2 - 0% - 40%
PK3 Defense
1 - 0% - 60%
2 - 0% - 40%
44 Forward
1 - 0% - 60%
2 - 0% - 40%
44 Defense
1 - 0% - 60%
2 - 0% - 40%
Last Minute Offensive  - 0:00
Last Minute Defensive  - 0:00
Total
Forward - 60:00
Defense - 60:00

% Time on Ice - Senators

Lines # - Real PCT - Wanted PCT - Time Play
Normal Forward
1 - 36% - 40% - 16:32
2 - 26% - 30% - 12:10
3 - 22% - 20% - 10:12
4 - 16% - 10% - 7:10
Normal Defense
1 - 38% - 40% - 17:40
2 - 33% - 30% - 15:12
3 - 21% - 20% - 9:46
4 - 7% - 10% - 3:26
PP Forward
1 - 55% - 60% - 6:22
2 - 45% - 40% - 5:17
PP Defense
1 - 60% - 60% - 6:56
2 - 40% - 40% - 4:43
PK Forward
1 - 85% - 60% - 1:56
2 - 15% - 40% - 0:21
PK Defense
1 - 59% - 60% - 1:21
2 - 41% - 40% - 0:56
PK3 Forward
1 - 0% - 60%
2 - 0% - 40%
PK3 Defense
1 - 0% - 60%
2 - 0% - 40%
44 Forward
1 - 0% - 60%
2 - 0% - 40%
44 Defense
1 - 0% - 60%
2 - 0% - 40%
Last Minute Offensive  - 0:00
Last Minute Defensive  - 0:00
Total
Forward - 60:00
Defense - 60:00

Play-by-Play

1st period


0:01 of 1st period - Jordan Schroeder wins face-off versus Vladimir Sobotka in neutral zone.
0:04 of 1st period - Keegan Lowe is hit by David Savard and loses puck.
0:27 of 1st period - Esa Lindell is hit by Zemgus Girgensons and loses puck.
1:18 of 1st period - Jonathan Ferland is hit by Victor Rask.
1:38 of 1st period - Snap shot by Jonathan Ferland.
1:38 of 1st period - Shot Misses the Net.
1:40 of 1st period - Snap shot by A.J. Jenks.
1:40 of 1st period - Stopped by Michael Hutchinson without a rebound.
1:41 of 1st period - Anthony Richard wins face-off versus Vladimir Sobotka in Inferno zone.
1:46 of 1st period - Snap shot by Anthony Richard.
1:46 of 1st period - Shot Hit the Post.
1:48 of 1st period - Snap shot by Brett Bulmer.
1:48 of 1st period - Stopped by Michael Hutchinson without a rebound.
1:49 of 1st period - Vladimir Sobotka wins face-off versus Kevin Rooney in Inferno zone.
1:49 of 1st period - Vladimir Sobotka is hit by Adam Ollas-Mattsson.
2:09 of 1st period - Wrist shot by Tanner Pearson.
2:09 of 1st period - Deflect By Bryan Rust.
2:09 of 1st period - Stopped by Justin Peters with a rebound.
2:31 of 1st period - Kevin Labanc is hit by Mason Geertsen and loses puck.
3:11 of 1st period - Wrist shot by Anthony Richard.
3:11 of 1st period - Stopped by Michael Hutchinson with a rebound.
4:11 of 1st period - Snap shot by Ryan Spooner.
4:11 of 1st period - Shot Misses the Net.
4:13 of 1st period - Backhand shot by Esa Lindell.
4:13 of 1st period - Stopped by Justin Peters with a rebound.
5:00 of 1st period - Victor Rask is hit by Zemgus Girgensons and loses puck.
6:14 of 1st period - A.J. Jenks is hit by Vladimir Sobotka and loses puck.
6:42 of 1st period - Kevin Labanc is hit by Jordan Schroeder and loses puck.
6:43 of 1st period - Kevin Labanc from Inferno is injured at 6:43 of 1st period (Strained Right Knee).
6:44 of 1st period - Vladimir Sobotka wins face-off versus Jordan Schroeder in Inferno zone.
6:49 of 1st period - Snap shot by Tanner Pearson.
6:49 of 1st period - Stopped by Justin Peters with a rebound.
7:09 of 1st period - Tomas Jurco is hit by Victor Rask and loses puck.
7:32 of 1st period - Snap shot by Barclay Goodrow.
7:32 of 1st period - Shot Blocked by Joonas Lyytinen.
8:10 of 1st period - Snap shot by Evgeny Svechnikov.
8:10 of 1st period - Shot Blocked by Dylan Blujus.
8:18 of 1st period - Snap shot by Philip Varone.
8:18 of 1st period - Shot Blocked by Jordan Schroeder.
9:29 of 1st period - Bryan Rust is hit by Anthony Richard and loses puck.
10:12 of 1st period - Wrist shot by David Savard.
10:12 of 1st period - Shot Blocked by Grant Besse.
10:14 of 1st period - Wrist shot by Barclay Goodrow.
10:14 of 1st period - Shot Misses the Net.
10:16 of 1st period - Snap shot by Peter Cehlarik.
10:16 of 1st period - Stopped by Justin Peters without a rebound.
10:17 of 1st period - Jordan Schroeder wins face-off versus Vladimir Sobotka in Senators zone.
10:19 of 1st period - Icing by Jonathan Ferland.
10:20 of 1st period - Vladimir Sobotka wins face-off versus Jordan Schroeder in Senators zone.
10:25 of 1st period - Slapshot by Vladimir Sobotka.
10:25 of 1st period - Stopped by Justin Peters without a rebound.
10:26 of 1st period - Vladimir Sobotka wins face-off versus Jordan Schroeder in Senators zone.
10:33 of 1st period - Wrist shot by Vladimir Sobotka.
10:33 of 1st period - Stopped by Justin Peters without a rebound.
10:34 of 1st period - Jordan Schroeder wins face-off versus Vladimir Sobotka in Senators zone.
10:39 of 1st period - Vladimir Sobotka is hit by Jonathan Ferland and loses puck.
11:15 of 1st period - Minor Penalty to Greg Pateryn for Charging.
11:16 of 1st period - Tanner Pearson wins face-off versus Jordan Schroeder in Inferno zone.
13:15 of 1st period - Penalty to Greg Pateryn is over, Greg Pateryn is back on ice.
13:15 of 1st period - Keegan Lowe is hit by David Savard and loses puck.
13:50 of 1st period - Wrist shot by Esa Lindell.
13:50 of 1st period - Shot Blocked by Keegan Lowe.
13:52 of 1st period - Wrist shot by David Savard.
13:52 of 1st period - Stopped by Justin Peters without a rebound.
13:53 of 1st period - Anthony Richard wins face-off versus Philip Varone in Senators zone.
13:53 of 1st period - Anthony Richard is hit by Matthew Nieto.
14:16 of 1st period - Vladimir Sobotka is hit by Tomas Jurco and loses puck.
14:25 of 1st period - Wrist shot by Kevin Rooney.
14:25 of 1st period - Stopped by Michael Hutchinson with a rebound.
14:39 of 1st period - Wrist shot by Jake DeBrusk.
14:39 of 1st period - Deflect By Zachary Sanford.
14:39 of 1st period - Stopped by Justin Peters without a rebound.
14:40 of 1st period - Victor Rask wins face-off versus Jordan Schroeder in Senators zone.
14:41 of 1st period - Snap shot by Jake DeBrusk.
14:41 of 1st period - Stopped by Justin Peters without a rebound.
14:42 of 1st period - Jordan Schroeder wins face-off versus Victor Rask in Senators zone.
14:49 of 1st period - Backhand shot by Jonathan Ferland.
14:49 of 1st period - Stopped by Michael Hutchinson without a rebound.
14:50 of 1st period - Jordan Schroeder wins face-off versus Vladimir Sobotka in Inferno zone.
14:51 of 1st period - Wrist shot by Nick Foligno.
14:51 of 1st period - Goal by Nick Foligno - Inferno : 0 - Senators : 1.
14:52 of 1st period - Jordan Schroeder wins face-off versus Vladimir Sobotka in neutral zone.
15:26 of 1st period - Philippe Myers is hit by Victor Rask and loses puck.
15:48 of 1st period - Off-side.
15:49 of 1st period - Jordan Schroeder wins face-off versus Tanner Pearson in neutral zone.
16:26 of 1st period - Wrist shot by Matthew Nieto.
16:26 of 1st period - Deflect By Philip Varone.
16:26 of 1st period - Stopped by Justin Peters with a rebound.
16:28 of 1st period - Wrist shot by Victor Rask.
16:28 of 1st period - Stopped by Justin Peters with a rebound.
16:56 of 1st period - Joonas Lyytinen is hit by Greg Pateryn and loses puck.
17:13 of 1st period - Snap shot by Anthony Richard.
17:13 of 1st period - Shot Blocked by Greg Pateryn.
17:15 of 1st period - Minor Penalty to Jake DeBrusk for Roughing.
17:16 of 1st period - Jordan Schroeder wins face-off versus Tanner Pearson in Inferno zone.
19:15 of 1st period - Penalty to Jake DeBrusk is over, Jake DeBrusk is back on ice.
19:42 of 1st period - Snap shot by Victor Rask.
19:42 of 1st period - Stopped by Justin Peters with a rebound.
19:44 of 1st period - Slapshot by Peter Cehlarik.
19:44 of 1st period - Shot Blocked by Joonas Lyytinen.
19:46 of 1st period - Slapshot by Peter Cehlarik.
19:46 of 1st period - Stopped by Justin Peters with a rebound.
19:48 of 1st period - Snap shot by Mathieu Brodeur.
19:48 of 1st period - Deflect By Ryan Spooner.
19:48 of 1st period - Stopped by Justin Peters with a rebound.
19:50 of 1st period - Wrist shot by Ryan Spooner.
19:50 of 1st period - Stopped by Justin Peters without a rebound.
19:51 of 1st period - Zachary Sanford wins face-off versus Philip Varone in Senators zone.
Goals for this period are 0 for Inferno vs 1 for Senators.
Shots for this period are 15 for Inferno vs 6 for Senators.

2nd period


0:01 of 2nd period - Vladimir Sobotka wins face-off versus Jordan Schroeder in neutral zone.
0:06 of 2nd period - Snap shot by Vladimir Sobotka.
0:06 of 2nd period - Shot Misses the Net.
0:08 of 2nd period - Slapshot by Vladimir Sobotka.
0:08 of 2nd period - Stopped by Justin Peters without a rebound.
0:09 of 2nd period - Nick Foligno wins face-off versus Vladimir Sobotka in Senators zone.
0:46 of 2nd period - Snap shot by Tanner Pearson.
0:46 of 2nd period - Goal by Tanner Pearson - Inferno : 1 - Senators : 1.
0:47 of 2nd period - Philip Varone wins face-off versus Kevin Rooney in neutral zone.
0:50 of 2nd period - Snap shot by Esa Lindell.
0:50 of 2nd period - Stopped by Justin Peters with a rebound.
3:01 of 2nd period - Wrist shot by Zachary Sanford.
3:01 of 2nd period - Shot Misses the Net.
3:19 of 2nd period - Snap shot by A.J. Jenks.
3:19 of 2nd period - Stopped by Michael Hutchinson with a rebound.
3:41 of 2nd period - Vladimir Sobotka is hit by Kevin Rooney and loses puck.
3:54 of 2nd period - Slapshot by Jake DeBrusk.
3:54 of 2nd period - Stopped by Justin Peters without a rebound.
3:55 of 2nd period - Victor Rask wins face-off versus Jordan Schroeder in Senators zone.
3:58 of 2nd period - Wrist shot by Jake DeBrusk.
3:58 of 2nd period - Deflect By Evgeny Svechnikov.
3:58 of 2nd period - Stopped by Justin Peters without a rebound.
3:59 of 2nd period - Victor Rask wins face-off versus Jordan Schroeder in Senators zone.
4:02 of 2nd period - Snap shot by Jake DeBrusk.
4:02 of 2nd period - Stopped by Justin Peters with a rebound.
4:04 of 2nd period - Wrist shot by Jake DeBrusk.
4:04 of 2nd period - Shot Misses the Net.
4:08 of 2nd period - Wrist shot by Jake DeBrusk.
4:08 of 2nd period - Goal by Jake DeBrusk - Inferno : 2 - Senators : 1.
4:09 of 2nd period - Vladimir Sobotka wins face-off versus Jordan Schroeder in neutral zone.
4:16 of 2nd period - Slapshot by Vladimir Sobotka.
4:16 of 2nd period - Shot Misses the Net.
4:24 of 2nd period - Slapshot by Vladimir Sobotka.
4:24 of 2nd period - Shot Misses the Net.
4:26 of 2nd period - Wrist shot by Bryan Rust.
4:26 of 2nd period - Shot Misses the Net.
4:36 of 2nd period - Dylan Blujus is hit by David Savard and loses puck.
4:55 of 2nd period - Snap shot by Barclay Goodrow.
4:55 of 2nd period - Shot Hit the Post.
4:57 of 2nd period - Snap shot by Peter Cehlarik.
4:57 of 2nd period - Goal by Peter Cehlarik - Inferno : 3 - Senators : 1.
4:58 of 2nd period - Vladimir Sobotka wins face-off versus Jordan Schroeder in neutral zone.
5:03 of 2nd period - Philippe Myers is hit by Bryan Rust and loses puck.
5:14 of 2nd period - Snap shot by Bryan Rust.
5:14 of 2nd period - Deflect By Jonathan Ferland.
5:14 of 2nd period - Stopped by Justin Peters without a rebound.
5:15 of 2nd period - Philip Varone wins face-off versus Kevin Rooney in Senators zone.
5:15 of 2nd period - Minor Penalty to Matthew Nieto for Holding.
5:16 of 2nd period - Jordan Schroeder wins face-off versus Tanner Pearson in Inferno zone.
5:21 of 2nd period - Wrist shot by Jonathan Ferland.
5:21 of 2nd period - Shot Misses the Net.
5:23 of 2nd period - Slapshot by Keegan Lowe.
5:23 of 2nd period - Stopped by Michael Hutchinson with a rebound.
5:25 of 2nd period - Wrist shot by Keegan Lowe.
5:25 of 2nd period - Shot Blocked by David Savard.
5:27 of 2nd period - Wrist shot by Jonathan Ferland.
5:27 of 2nd period - Shot Misses the Net.
5:29 of 2nd period - Snap shot by Jordan Schroeder.
5:29 of 2nd period - Shot Misses the Net.
7:15 of 2nd period - Penalty to Matthew Nieto is over, Matthew Nieto is back on ice.
7:49 of 2nd period - Jake Evans is hit by Mathieu Brodeur and loses puck.
7:56 of 2nd period - Mathieu Brodeur is hit by Jake Evans and loses puck.
8:33 of 2nd period - Slapshot by Kyle Connor.
8:33 of 2nd period - Shot Blocked by Matthew Nieto.
8:35 of 2nd period - Slapshot by Mason Geertsen.
8:35 of 2nd period - Shot Misses the Net.
8:37 of 2nd period - Slapshot by Keegan Lowe.
8:37 of 2nd period - Shot Misses the Net.
8:39 of 2nd period - Slapshot by Mason Geertsen.
8:39 of 2nd period - Stopped by Michael Hutchinson with a rebound.
8:41 of 2nd period - Slapshot by Keegan Lowe.
8:41 of 2nd period - Shot Blocked by Matthew Nieto.
8:43 of 2nd period - Backhand shot by Keegan Lowe.
8:43 of 2nd period - Shot Misses the Net.
8:55 of 2nd period - Slapshot by Jake Evans.
8:55 of 2nd period - Stopped by Michael Hutchinson without a rebound.
8:56 of 2nd period - Vladimir Sobotka wins face-off versus Kevin Rooney in Inferno zone.
9:03 of 2nd period - Slapshot by Esa Lindell.
9:03 of 2nd period - Shot Blocked by Tomas Jurco.
9:05 of 2nd period - Snap shot by Esa Lindell.
9:05 of 2nd period - Stopped by Justin Peters without a rebound.
9:06 of 2nd period - Kevin Rooney wins face-off versus Vladimir Sobotka in Senators zone.
9:39 of 2nd period - Snap shot by Vladimir Sobotka.
9:39 of 2nd period - Shot Misses the Net.
9:41 of 2nd period - Snap shot by Bryan Rust.
9:41 of 2nd period - Stopped by Justin Peters with a rebound.
9:43 of 2nd period - Slapshot by Esa Lindell.
9:43 of 2nd period - Shot Blocked by Philippe Myers.
9:45 of 2nd period - Snap shot by Vladimir Sobotka.
9:45 of 2nd period - Shot Blocked by Jack Dougherty.
9:51 of 2nd period - Snap shot by Vladimir Sobotka.
9:51 of 2nd period - Shot Blocked by Jack Dougherty.
9:57 of 2nd period - Snap shot by Vladimir Sobotka.
9:57 of 2nd period - Shot Blocked by Tomas Jurco.
10:03 of 2nd period - Wrist shot by Bryan Rust.
10:03 of 2nd period - Goal by Bryan Rust - Inferno : 4 - Senators : 1.
10:04 of 2nd period - Jordan Schroeder wins face-off versus Ryan Spooner in neutral zone.
10:19 of 2nd period - Slapshot by Nick Foligno.
10:19 of 2nd period - Shot Blocked by Peter Cehlarik.
10:39 of 2nd period - Snap shot by Philip Varone.
10:39 of 2nd period - Deflect By Dylan Blujus.
10:39 of 2nd period - Shot Blocked by Jordan Schroeder.
10:39 of 2nd period - Puck is out of play.
10:40 of 2nd period - Kevin Rooney wins face-off versus Philip Varone in Senators zone.
11:06 of 2nd period - Off-side.
11:07 of 2nd period - Vladimir Sobotka wins face-off versus Chandler Stephenson in neutral zone.
11:11 of 2nd period - Off-side.
11:12 of 2nd period - Jordan Schroeder wins face-off versus Vladimir Sobotka in neutral zone.
11:15 of 2nd period - Snap shot by Dylan Blujus.
11:15 of 2nd period - Stopped by Michael Hutchinson without a rebound.
11:16 of 2nd period - Philip Varone wins face-off versus Jordan Schroeder in Inferno zone.
11:43 of 2nd period - Keegan Lowe is hit by Bryan Rust and loses puck.
12:05 of 2nd period - Snap shot by Keegan Lowe.
12:05 of 2nd period - Stopped by Michael Hutchinson with a rebound.
12:07 of 2nd period - Slapshot by Dylan Blujus.
12:07 of 2nd period - Stopped by Michael Hutchinson with a rebound.
12:09 of 2nd period - Slapshot by Grant Besse.
12:09 of 2nd period - Stopped by Michael Hutchinson with a rebound.
12:11 of 2nd period - Snap shot by Dylan Blujus.
12:11 of 2nd period - Shot Blocked by Mathieu Brodeur.
12:13 of 2nd period - Slapshot by Keegan Lowe.
12:13 of 2nd period - Shot Blocked by Greg Pateryn.
12:15 of 2nd period - Slapshot by Dylan Blujus.
12:15 of 2nd period - Deflect By Grant Besse.
12:15 of 2nd period - Shot Misses the Net.
12:15 of 2nd period - Puck is out of play.
12:16 of 2nd period - Jordan Schroeder wins face-off versus Philip Varone in Inferno zone.
12:23 of 2nd period - Snap shot by Jonathan Ferland.
12:23 of 2nd period - Shot Misses the Net.
13:51 of 2nd period - Evgeny Svechnikov is hit by A.J. Jenks and loses puck.
13:56 of 2nd period - Slapshot by Anthony Richard.
13:56 of 2nd period - Shot Misses the Net.
14:02 of 2nd period - Snap shot by Anthony Richard.
14:02 of 2nd period - Stopped by Michael Hutchinson without a rebound.
14:03 of 2nd period - Vladimir Sobotka wins face-off versus Kevin Rooney in Inferno zone.
14:15 of 2nd period - Slapshot by Zemgus Girgensons.
14:15 of 2nd period - Stopped by Michael Hutchinson without a rebound.
14:16 of 2nd period - Jordan Schroeder wins face-off versus Philip Varone in Inferno zone.
15:04 of 2nd period - Slapshot by Chandler Stephenson.
15:04 of 2nd period - Shot Misses the Net.
15:06 of 2nd period - Wrist shot by Grant Besse.
15:06 of 2nd period - Stopped by Michael Hutchinson without a rebound.
15:07 of 2nd period - Chandler Stephenson wins face-off versus Victor Rask in Inferno zone.
15:08 of 2nd period - Slapshot by Zachary Sanford.
15:08 of 2nd period - Shot Misses the Net.
16:05 of 2nd period - Snap shot by Anthony Richard.
16:05 of 2nd period - Stopped by Michael Hutchinson without a rebound.
16:06 of 2nd period - Jordan Schroeder wins face-off versus Vladimir Sobotka in Inferno zone.
16:17 of 2nd period - Snap shot by Jonathan Ferland.
16:17 of 2nd period - Stopped by Michael Hutchinson without a rebound.
16:18 of 2nd period - Jordan Schroeder wins face-off versus Vladimir Sobotka in Inferno zone.
17:07 of 2nd period - Tomas Jurco is hit by Barclay Goodrow and loses puck.
17:46 of 2nd period - Evgeny Svechnikov is hit by Anthony Richard and loses puck.
17:51 of 2nd period - Snap shot by A.J. Jenks.
17:51 of 2nd period - Stopped by Michael Hutchinson without a rebound.
17:52 of 2nd period - Kevin Rooney wins face-off versus Philip Varone in Inferno zone.
17:59 of 2nd period - Wrist shot by Tomas Jurco.
17:59 of 2nd period - Shot Misses the Net.
18:01 of 2nd period - Wrist shot by Zemgus Girgensons.
18:01 of 2nd period - Stopped by Michael Hutchinson without a rebound.
18:02 of 2nd period - Philip Varone wins face-off versus Kevin Rooney in Inferno zone.
18:04 of 2nd period - Minor Penalty to Victor Rask for Unsportsmanlike conduct.
18:05 of 2nd period - Jordan Schroeder wins face-off versus Tanner Pearson in Inferno zone.
18:11 of 2nd period - Snap shot by Jonathan Ferland.
18:11 of 2nd period - Stopped by Michael Hutchinson without a rebound.
18:12 of 2nd period - Jordan Schroeder wins face-off versus Tanner Pearson in Inferno zone.
18:15 of 2nd period - Slapshot by Jordan Schroeder.
18:15 of 2nd period - Goal by Jordan Schroeder - Inferno : 4 - Senators : 2.
18:16 of 2nd period - Jordan Schroeder wins face-off versus Victor Rask in neutral zone.
18:37 of 2nd period - Minor Penalty to Esa Lindell for Hooking.
18:38 of 2nd period - Jordan Schroeder wins face-off versus Tanner Pearson in Inferno zone.
19:10 of 2nd period - Backhand shot by Philip Varone.
19:10 of 2nd period - Shot Misses the Net.
19:26 of 2nd period - Tanner Pearson is hit by Zemgus Girgensons and loses puck.
19:44 of 2nd period - Icing by Zemgus Girgensons.
19:45 of 2nd period - Kevin Rooney wins face-off versus Bryan Rust in Senators zone.
Goals for this period are 4 for Inferno vs 1 for Senators.
Shots for this period are 12 for Inferno vs 17 for Senators.

3rd period


0:01 of 3rd period - Tanner Pearson wins face-off versus Jordan Schroeder in neutral zone.
0:06 of 3rd period - Colby Cohen is hit by Nick Foligno and loses puck.
0:32 of 3rd period - Wrist shot by Zemgus Girgensons.
0:32 of 3rd period - Shot Blocked by David Savard.
0:34 of 3rd period - Wrist shot by Kevin Rooney.
0:34 of 3rd period - Deflect By Tomas Jurco.
0:34 of 3rd period - Stopped by Michael Hutchinson without a rebound.
0:35 of 3rd period - Tanner Pearson wins face-off versus Jordan Schroeder in Inferno zone.
0:35 of 3rd period - Tanner Pearson is hit by Jordan Schroeder.
0:37 of 3rd period - Penalty to Esa Lindell is over, Esa Lindell is back on ice.
0:46 of 3rd period - Minor Penalty to Jack Dougherty for Interference.
0:47 of 3rd period - Jonathan Ferland wins face-off versus Vladimir Sobotka in Senators zone.
1:03 of 3rd period - Wrist shot by Nick Foligno.
1:03 of 3rd period - Stopped by Michael Hutchinson without a rebound.
1:04 of 3rd period - Vladimir Sobotka wins face-off versus Jonathan Ferland in Inferno zone.
2:30 of 3rd period - Evgeny Svechnikov is hit by Zemgus Girgensons and loses puck.
2:46 of 3rd period - Penalty to Jack Dougherty is over, Jack Dougherty is back on ice.
2:59 of 3rd period - Esa Lindell is hit by Zachary Sanford and loses puck.
3:56 of 3rd period - Snap shot by Jordan Schroeder.
3:56 of 3rd period - Stopped by Michael Hutchinson without a rebound.
3:57 of 3rd period - Jonathan Ferland wins face-off versus Vladimir Sobotka in Inferno zone.
4:06 of 3rd period - Slapshot by Tanner Pearson.
4:06 of 3rd period - Stopped by Justin Peters with a rebound.
5:21 of 3rd period - Slapshot by A.J. Jenks.
5:21 of 3rd period - Stopped by Michael Hutchinson without a rebound.
5:22 of 3rd period - Vladimir Sobotka wins face-off versus Jordan Schroeder in Inferno zone.
5:29 of 3rd period - Slapshot by David Savard.
5:29 of 3rd period - Shot Misses the Net.
5:31 of 3rd period - Snap shot by Vladimir Sobotka.
5:31 of 3rd period - Goal by Vladimir Sobotka - Inferno : 5 - Senators : 2.
5:32 of 3rd period - Vladimir Sobotka wins face-off versus Jordan Schroeder in neutral zone.
5:42 of 3rd period - Slapshot by Jordan Schroeder.
5:42 of 3rd period - Shot Hit the Post.
6:00 of 3rd period - Matthew Nieto is hit by Tomas Jurco and loses puck.
6:13 of 3rd period - Dylan Blujus is hit by Philip Varone and loses puck.
6:24 of 3rd period - Peter Cehlarik is hit by Grant Besse and loses puck.
6:37 of 3rd period - Slapshot by Zachary Sanford.
6:37 of 3rd period - Stopped by Michael Hutchinson without a rebound.
6:38 of 3rd period - Vladimir Sobotka wins face-off versus Jordan Schroeder in Inferno zone.
6:46 of 3rd period - Off-side.
6:47 of 3rd period - Vladimir Sobotka wins face-off versus Jordan Schroeder in neutral zone.
6:50 of 3rd period - Philippe Myers is hit by Colby Cohen.
7:12 of 3rd period - Wrist shot by Bryan Rust.
7:12 of 3rd period - Stopped by Justin Peters without a rebound.
7:13 of 3rd period - Kevin Rooney wins face-off versus Philip Varone in Senators zone.
7:23 of 3rd period - Minor Penalty to Philip Varone for Slashing.
7:24 of 3rd period - Tanner Pearson wins face-off versus Jordan Schroeder in Inferno zone.
9:23 of 3rd period - Penalty to Philip Varone is over, Philip Varone is back on ice.
9:34 of 3rd period - Slapshot by Matthew Nieto.
9:34 of 3rd period - Stopped by Justin Peters with a rebound.
10:50 of 3rd period - Brett Bulmer is hit by Mathieu Brodeur and loses puck.
11:31 of 3rd period - Icing by Dylan Blujus.
11:32 of 3rd period - Chandler Stephenson wins face-off versus Vladimir Sobotka in Senators zone.
11:39 of 3rd period - Slapshot by Grant Besse.
11:39 of 3rd period - Shot Blocked by Mathieu Brodeur.
11:41 of 3rd period - Snap shot by Zachary Sanford.
11:41 of 3rd period - Shot Blocked by Vladimir Sobotka.
11:59 of 3rd period - Slapshot by Anthony Richard.
11:59 of 3rd period - Shot Blocked by Greg Pateryn.
12:01 of 3rd period - Snap shot by Jack Dougherty.
12:01 of 3rd period - Deflect By A.J. Jenks.
12:01 of 3rd period - Shot Misses the Net.
12:01 of 3rd period - Puck is out of play.
12:02 of 3rd period - Anthony Richard wins face-off versus Victor Rask in Inferno zone.
12:15 of 3rd period - Wrist shot by Anthony Richard.
12:15 of 3rd period - Stopped by Michael Hutchinson with a rebound.
12:17 of 3rd period - Snap shot by Anthony Richard.
12:17 of 3rd period - Shot Misses the Net.
12:34 of 3rd period - Wrist shot by Jordan Schroeder.
12:34 of 3rd period - Stopped by Michael Hutchinson with a rebound.
13:34 of 3rd period - Nick Foligno is hit by Colby Cohen and loses puck.
13:41 of 3rd period - Adam Ollas-Mattsson is hit by Victor Rask and loses puck.
14:28 of 3rd period - Snap shot by Ryan Spooner.
14:28 of 3rd period - Stopped by Justin Peters with a rebound.
14:46 of 3rd period - Snap shot by Mathieu Brodeur.
14:46 of 3rd period - Shot Misses the Net.
15:16 of 3rd period - Snap shot by Jack Dougherty.
15:16 of 3rd period - Goal by Jack Dougherty - Inferno : 5 - Senators : 3.
15:17 of 3rd period - Victor Rask wins face-off versus Chandler Stephenson in neutral zone.
15:30 of 3rd period - Snap shot by Jake DeBrusk.
15:30 of 3rd period - Stopped by Justin Peters with a rebound.
15:32 of 3rd period - Snap shot by Evgeny Svechnikov.
15:32 of 3rd period - Shot Misses the Net.
16:05 of 3rd period - Wrist shot by Matthew Nieto.
16:05 of 3rd period - Shot Misses the Net.
16:07 of 3rd period - Wrist shot by Matthew Nieto.
16:07 of 3rd period - Shot Misses the Net.
16:30 of 3rd period - Minor Penalty to Brett Bulmer for Hooking.
16:31 of 3rd period - Bryan Rust wins face-off versus Jonathan Ferland in Senators zone.
16:32 of 3rd period - Snap shot by Tanner Pearson.
16:32 of 3rd period - Deflect By Bryan Rust.
16:32 of 3rd period - Shot Misses the Net.
16:32 of 3rd period - Puck is out of play.
16:33 of 3rd period - Vladimir Sobotka wins face-off versus Jonathan Ferland in Senators zone.
16:46 of 3rd period - Snap shot by Tanner Pearson.
16:46 of 3rd period - Shot Misses the Net.
16:48 of 3rd period - Slapshot by Esa Lindell.
16:48 of 3rd period - Goal by Esa Lindell - Inferno : 6 - Senators : 3.
16:49 of 3rd period - Tanner Pearson wins face-off versus Jordan Schroeder in neutral zone.
17:15 of 3rd period - Jake DeBrusk is hit by Zemgus Girgensons and loses puck.
17:20 of 3rd period - Wrist shot by Tomas Jurco.
17:20 of 3rd period - Shot Misses the Net.
17:44 of 3rd period - Mathieu Brodeur is hit by Chandler Stephenson.
18:02 of 3rd period - Snap shot by Tanner Pearson.
18:02 of 3rd period - Shot Misses the Net.
18:04 of 3rd period - Slapshot by Mathieu Brodeur.
18:04 of 3rd period - Shot Misses the Net.
18:06 of 3rd period - Slapshot by Vladimir Sobotka.
18:06 of 3rd period - Stopped by Justin Peters without a rebound.
18:07 of 3rd period - Philip Varone wins face-off versus Jordan Schroeder in Senators zone.
18:08 of 3rd period - Snap shot by Matthew Nieto.
18:08 of 3rd period - Shot Misses the Net.
18:10 of 3rd period - Snap shot by Victor Rask.
18:10 of 3rd period - Stopped by Justin Peters without a rebound.
18:11 of 3rd period - Philip Varone wins face-off versus Jonathan Ferland in Senators zone.
18:16 of 3rd period - Wrist shot by Matthew Nieto.
18:16 of 3rd period - Stopped by Justin Peters without a rebound.
18:17 of 3rd period - Philip Varone wins face-off versus Nick Foligno in Senators zone.
18:24 of 3rd period - Wrist shot by Jordan Schroeder.
18:24 of 3rd period - Deflect By Jonathan Ferland.
18:24 of 3rd period - Stopped by Michael Hutchinson with a rebound.
18:26 of 3rd period - Minor Penalty to Matthew Nieto for Holding.
18:27 of 3rd period - Tanner Pearson wins face-off versus Jordan Schroeder in Inferno zone.
19:09 of 3rd period - Wrist shot by Bryan Rust.
19:09 of 3rd period - Shot Blocked by Dylan Blujus.
Goals for this period are 2 for Inferno vs 1 for Senators.
Shots for this period are 10 for Inferno vs 9 for Senators.